 Dungeon Crawl Stone Soup version 0.26.1-11-gd32895ea62 (webtiles) character file.

Game seed: 11844335113672298170

2181 jlumianski the Magician (level 9, -1/69 HPs)
             Began as a Gnoll Warper on Apr 19, 2021.
             Slain by an orc warrior
             ... wielding a +0 dire flail
              (11 damage)
             ... on level 7 of the Dungeon.
             The game lasted 00:29:39 (8139 turns).

jlumianski the Magician (Gnoll Warper)              Turns: 8139, Time: 00:29:39

Health: -1/69      AC:  8    Str: 14    XL:     9   Next: 33%
Magic:  11/18      EV: 15    Int: 19    God:
Gold:   339        SH:  7    Dex: 14    Spells: 10/21 levels left

rFire    . . .     SeeInvis .   G - +0 war axe
rCold    . . .     Faith    .   F - +2 buckler {rPois}
rNeg     . . .     Spirit   .   t - +3 leather armour {rPois}
rPois    +         Reflect  .   k - +0 helmet
rElec    +         Harm     .   (no cloak)
rCorr    .         Rampage  .   (no gloves)
Will     .....                  (no boots)
Stlth    ++........             (no amulet)
HPRegen  0.21/turn              u - +4 ring of slaying
MPRegen  0.16/turn              L - ring of wizardry

@: no status effects
A: distributed training, fangs 1, molten scales 1, deformed body, electricity
resistance, strong nose
a: no special abilities


You were on level 7 of the Dungeon.
You visited 2 branches of the dungeon, and saw 8 of its levels.
You also visited: Ossuary.

You collected 339 gold pieces.

Inventory:

Hand Weapons
 a - a +1 hand axe
 C - a +2 short sword of protection
 G - a +0 war axe (weapon)
 H - a +5 trident of freezing
 I - a +0 dire flail of protection
Missiles
 e - 5 boomerangs of dispersal
 h - 104 stones
 i - 24 sling bullets
 j - 51 bolts
 o - 2 throwing nets
 r - 63 poisoned darts (quivered)
Armour
 b - a +0 leather armour
 k - a +0 helmet (worn)
 t - a +3 leather armour of poison resistance (worn)
 F - a +2 buckler of poison resistance (worn)
Jewellery
 u - a +4 ring of slaying (left hand)
 L - a ring of wizardry (right hand)
Wands
 s - a wand of paralysis (5)
 M - a wand of enslavement (8)
Scrolls
 f - a scroll of enchant armour
 g - 3 scrolls of identify
 n - a scroll of random uselessness
 p - 3 scrolls of remove curse
 q - a scroll of enchant weapon
 v - 2 scrolls of teleportation
 x - 2 scrolls of fear
 y - 2 scrolls of magic mapping
 B - a scroll of amnesia
 E - a scroll of noise
 J - a scroll of immolation {unknown}
 N - a scroll of brand weapon {unknown}
Potions
 c - a potion of experience {unknown}
 d - a potion of cancellation {unknown}
 l - 2 potions of lignification
 m - a potion of mutation
 w - a potion of flight {unknown}
 z - a potion of ambrosia {unknown}
 A - a potion of resistance {unknown}
 D - 3 potions of might {unknown}
 K - a potion of attraction {unknown}


   Skills:
 + Level 6.2 Fighting
 + Level 4.1 Short Blades
 + Level 4.1 Long Blades
 + Level 6.2 Axes
 + Level 4.1 Maces & Flails
 + Level 4.1 Polearms
 + Level 4.1 Staves
 + Level 4.1 Slings
 + Level 4.1 Bows
 + Level 4.1 Crossbows
 + Level 4.9 Throwing
 + Level 4.9 Armour
 + Level 6.2 Dodging
 + Level 4.1 Stealth
 + Level 4.1 Shields
 + Level 4.1 Unarmed Combat
 + Level 6.5 Spellcasting
 + Level 3.4 Conjurations
 + Level 3.4 Hexes
 + Level 3.4 Summonings
 + Level 3.4 Necromancy
 + Level 6.5 Translocations
 + Level 3.4 Transmutations
 + Level 3.4 Fire Magic
 + Level 3.4 Ice Magic
 + Level 3.4 Air Magic
 + Level 3.4 Earth Magic
 + Level 3.4 Poison Magic
 + Level 4.5 Invocations
 + Level 4.1 Evocations


You had 10 spell levels left.
You knew the following spells:

 Your Spells              Type           Power        Failure   Level
a - Blink                 Tloc           N/A          1%          2
b - Gell's Gravitas       Tloc           15%          1%          3
c - Teleport Other        Tloc           31%          1%          3
d - Dazzling Flash        Conj/Hex       38%          4%          3

Your spell library contained the following spells:

 Spells                   Type           Power        Failure   Level
 Magic Dart               Conj           76%          1%          1
 Searing Ray              Conj           38%          1%          2
 Lesser Beckoning         Tloc           15%          1%          3
 Passage of Golubria      Tloc           N/A          3%          4
 Iskenderun's Mystic Bla  Conj/Tloc      25%          7%          4
 Fulminant Prism          Conj/Hex       9%           13%         4


Dungeon Overview and Level Annotations

Branches:
Dungeon (7/15)             Temple (1/1) D:6         Ossuary (visited)

Altars:
Ashenzari
Cheibriados
Dithmenos
Elyvilon
Fedhas
Gozag
Hepliaklqana
Kikubaaqudgha
Makhleb
Nemelex Xobeh
Okawaru
Qazlal
Ru
Trog
Uskayaw
Vehumet
Wu Jian
Xom
Yredelemnul
Zin

Annotations:
D:4 1 runed translucent door, Toast5's ghost, novice GrFi


Innate Abilities, Weirdness & Mutations

Your experience applies equally to all skills.
You have very sharp teeth.
Your uncanny sense of smell can sniff out nearby items.
You are partially covered in molten scales. (AC +2)
Armour fits poorly on your strangely shaped body.
You are resistant to electric shocks. (rElec)


Message History

Aiming: Gell's Gravitas (safe; 1% risk of failure)
Press: ? - help, Dir - move target, f - orc
Aim: an orc, wearing a +0 leather armour Gravity reorients around the orc.
The orc warrior collides with the orc!
The orc collides with the orc!
The orc priest collides with the orc!
You kill the orc!
You feel sick. You block the orc warrior's attack.
The orc priest casts a cantrip, but nothing happens.
You feel sick.
You feel sick.
The orc warrior hits you with a +0 dire flail!!
* * * LOW HITPOINT WARNING * * *
You feel sick.
There is an open door here.
You feel sick.
You feel sick.
You are no longer poisoned.
There is a stone staircase leading up here.
The orc warrior hits you with a +0 dire flail!
You die...

###....#
#.###.#.#.#
....# #.#
#.....# .####
#####'#####.###
.# #......# #...
###
#......######.#
..#
#..o........#...
#.#
#........##.#
### #
#o.......##.# #
#@.......##.#
...
#...........#
#..
############# #
. # #


You could see an orc warrior and an orc.

Vanquished Creatures
  A troll (D:6)
  An ice beast (D:6)
  A black bear (D:6)
  A sky beast (D:6)
  A phantom (D:6)
  2 ogres
  A necrophage (D:4)
  A bullfrog (D:6)
  A scorpion (D:6)
  4 wights (D:6)
  A howler monkey (D:6)
  A jelly (D:5)
  A bullfrog zombie (D:6)
  5 orc priests
  A hound (D:7)
  7 orc wizards
  2 iguanas (D:6)
  9 worker ants
  2 hound skeletons (D:4)
  4 gnolls (D:7)
  12 adders
  2 white imps
  An ooze (D:2)
  An adder zombie (Ossuary)
  3 worms
  2 dart slugs
  3 leopard geckos
  18 orcs
  9 bats
  6 giant cockroaches
  8 goblins
  10 hobgoblins
  4 jackals (D:1)
  9 kobolds
  5 quokkas
  4 ball pythons
  A ball python skeleton (Ossuary)
  4 frilled lizards
  A giant cockroach zombie (D:6)
  A hobgoblin skeleton (Ossuary)
  A hobgoblin zombie (Ossuary)
  A jackal zombie (D:6)
  2 kobold zombies (Ossuary)
  A leopard gecko skeleton (D:4)
  A leopard gecko zombie (D:6)
  3 orc skeletons (Ossuary)
  13 rats
173 creatures vanquished.

Notes
Turn   | Place    | Note
-------+----------+-------------------------------------------
     0 | D:1      | jlumianski the Gnoll Warper began the quest for the Orb.
     0 | D:1      | Reached XP level 1. HP: 20/20 MP: 6/6
   151 | D:1      | Reached XP level 2. HP: 26/26 MP: 7/7
   162 | D:1      | Learned a level 2 spell: Blink
   608 | D:1      | Reached XP level 3. HP: 27/31 MP: 9/9
   612 | D:1      | Learned a level 3 spell: Gell's Gravitas
   616 | D:1      | Learned a level 3 spell: Teleport Other
   686 | D:1      | Reached skill level 5 in Spellcasting
   877 | D:1      | Gained mutation: Armour fits poorly on your strangely
                  | shaped body. [potion of mutation]
   877 | D:1      | Gained mutation: You are resistant to electric shocks.
                  | (rElec) [potion of mutation]
   877 | D:1      | Gained mutation: You are partially covered in molten
                  | scales. (AC +2) [potion of mutation]
  1020 | D:2      | Reached skill level 1 in Invocations
  1066 | D:2      | Reached skill level 1 in Short Blades
  1066 | D:2      | Reached skill level 1 in Long Blades
  1066 | D:2      | Reached skill level 1 in Maces & Flails
  1066 | D:2      | Reached skill level 1 in Polearms
  1066 | D:2      | Reached skill level 1 in Staves
  1066 | D:2      | Reached skill level 1 in Slings
  1066 | D:2      | Reached skill level 1 in Bows
  1066 | D:2      | Reached skill level 1 in Crossbows
  1066 | D:2      | Reached skill level 1 in Stealth
  1066 | D:2      | Reached skill level 1 in Shields
  1066 | D:2      | Reached skill level 1 in Unarmed Combat
  1066 | D:2      | Reached skill level 1 in Evocations
  1185 | D:2      | Reached XP level 4. HP: 35/38 MP: 11/11
  1505 | D:2      | Reached skill level 1 in Conjurations
  1505 | D:2      | Reached skill level 1 in Hexes
  1505 | D:2      | Reached skill level 1 in Summonings
  1505 | D:2      | Reached skill level 1 in Necromancy
  1505 | D:2      | Reached skill level 1 in Transmutations
  1505 | D:2      | Reached skill level 1 in Fire Magic
  1505 | D:2      | Reached skill level 1 in Ice Magic
  1505 | D:2      | Reached skill level 1 in Air Magic
  1505 | D:2      | Reached skill level 1 in Earth Magic
  1505 | D:2      | Reached skill level 1 in Poison Magic
  2016 | D:3      | Reached XP level 5. HP: 42/43 MP: 12/12
  2715 | D:4      | Found a hazy altar of Hepliaklqana.
  2782 | D:4      | Found a sand-covered staircase.
  2794 | Ossuary  | Entered an ossuary
  2976 | Ossuary  | Noticed a wraith
  2976 | Ossuary  | Noticed a flying skull
  2990 | Ossuary  | Noticed a flying skull
  3016 | Ossuary  | Noticed a flying skull
  3027 | Ossuary  | Noticed a wraith
  3059 | Ossuary  | HP: 2/43 [wraith (6)]
  3723 | D:3      | Reached XP level 6. HP: 50/50 MP: 13/13
  3779 | D:3      | Found a blossoming altar of Fedhas.
  4155 | D:4      | Reached skill level 5 in Fighting
  4155 | D:4      | Reached skill level 5 in Axes
  4155 | D:4      | Reached skill level 5 in Dodging
  4362 | D:4      | Found a runed translucent door.
  4364 | D:4      | Noticed Toast5's ghost (novice GrFi)
  4960 | D:5      | Entered Level 5 of the Dungeon
  4960 | D:5      | Noticed a necrophage
  4967 | D:4      | Reached XP level 7. HP: 50/56 MP: 15/15
  5533 | D:6      | Found a staircase to the Ecumenical Temple.
  5573 | Temple   | Entered the Ecumenical Temple
  5785 | D:6      | Reached XP level 8. HP: 48/63 MP: 16/16
  6415 | D:5      | You fall into a shaft and drop 2 floors!
  6677 | D:5      | Learned a level 3 spell: Dazzling Flash
  6979 | D:6      | Found an ornate altar of the Wu Jian Council.
  6985 | D:6      | Noticed a spectral centipede
  6985 | D:6      | Noticed a spectral black mamba
  7124 | D:6      | Found a stormy altar of Qazlal.
  7310 | D:7      | Found an opulent altar of Gozag.
  7380 | D:6      | Noticed a troll
  7393 | D:6      | Killed a troll
  7394 | D:6      | Reached XP level 9. HP: 32/69 MP: 14/18
  8139 | D:7      | Slain by an orc warrior

Illustrated notes

Levels and vault maps discovered:
D:1:      dpeg_arrival_connections, layout_loops_ring
D:2:      layout_basic
D:3:      layout_basic, fedhas_altar_2
D:4:      layout_loops_corners, nzn_hepliaklqana_mist_gate,
          nicolae_ossuary_entry_ruins, ebering_ghost_reflecting_pool,
          minmay_pentomino_pile
D:5:      layout_loops_corners
D:6:      layout_cave_pools, general_overflow_altar,
          pdpol_wu_jian_five_deadly_venoms, minmay_temple_entry_proselytizer,
          kennysheep_cluttered_room
D:7:      layout_basic, lemuel_round_altar, lemuel_round_altar,
          gammafunk_ghost_arena, minmay_bent
Temple:   regret_index_temple_waves

Skill      XL: |  1  2  3  4  5  6  7  8  9 |
---------------+----------------------------+-----
Spellcasting   | 5 6 |  6.5
Invocations    | 1 2 3 4 |  4.5
Short Blades   | 1 2 3 4 |  4.1
Long Blades    | 1 2 3 4 |  4.1
Maces & Flails | 1 2 3 4 |  4.1
Polearms       | 1 2 3 4 |  4.1
Staves         | 1 2 3 4 |  4.1
Slings         | 1 2 3 4 |  4.1
Bows           | 1 2 3 4 |  4.1
Crossbows      | 1 2 3 4 |  4.1
Stealth        | 1 2 3 4 |  4.1
Shields        | 1 2 3 4 |  4.1
Unarmed Combat | 1 2 3 4 |  4.1
Evocations     | 1 2 3 4 |  4.1
Conjurations   | 1 2 3 |  3.4
Hexes          | 1 2 3 |  3.4
Summonings     | 1 2 3 |  3.4
Necromancy     | 1 2 3 |  3.4
Transmutations | 1 2 3 |  3.4
Fire Magic     | 1 2 3 |  3.4
Ice Magic      | 1 2 3 |  3.4
Air Magic      | 1 2 3 |  3.4
Earth Magic    | 1 2 3 |  3.4
Poison Magic   | 1 2 3 |  3.4
Throwing       | 3 4 |  4.9
Armour         | 3 4 |  4.9
Fighting       | 5 6 |  6.2
Axes           | 5 6 |  6.2
Dodging        | 5 6 |  6.2
Translocations | 6 |  6.5

Action                   |  1- 3 |  4- 6 |  7- 9 || total
-------------------------+-------+-------+-------++-------
Melee: Hand axe          |   106 |   199 |    44 ||   349
       Bite              |    12 |    19 |    16 ||    47
       Punch             |       |     1 |       ||     1
       War axe           |       |       |   162 ||   162
Throw: Stone             |     6 |       |       ||     6
       Dart              |     3 |    19 |     3 ||    25
 Cast: Gell's Gravitas   |     6 |     4 |    18 ||    28
       Blink             |     1 |    11 |       ||    12
       Dazzling Flash    |       |       |     1 ||     1
  Use: Potion            |     1 |     1 |     1 ||     3
       Scroll            |       |    12 |     3 ||    15
 Stab: Sleeping          |     2 |     4 |     6 ||    12
Armor: Leather armour    |    24 |    28 |    61 ||   113
Dodge: Dodged            |    90 |   149 |   138 ||   377
Block: Buckler           |       |       |    66 ||    66
